 Dungeon Crawl Stone Soup version 0.21.1-1-g345015fe64 (webtiles) character file.

204538 RaHiT the Tortoise (level 18, -5/146 HPs)
             Began as a Vampire Gladiator on Apr 12, 2018.
             Was a Priest of Uskayaw.
             Collided with a wolf spider (20 damage)
             ... caused by Bai Suzhen
             ... on level 3 of the Spider Nest on Apr 13, 2018.
             The game lasted 04:53:05 (40424 turns).

RaHiT the Tortoise (Vampire Gladiator)             Turns: 40424, Time: 04:53:06

Health: -5/146     AC: 28    Str: 37    XL:     18   Next: 1%
Magic:  36/36      EV: 11    Int: 12    God:    Uskayaw [***...]
Gold:   2569       SH: 14    Dex: 16    Spells: 17/17 levels left

rFire    + + .     SeeInvis +   a - +4 scimitar (flame)
rCold    . . .     Gourm    .   X - +0 shield {reflect}
rNeg     + . .     Faith    .   x - +5 chain mail of Ennui {rF++}
rPois    .         Spirit   .   c - +2 hat "Atrudequ" {Str+5}
rElec    .         Reflect  +   i - +0 cloak
rCorr    .         Harm     .   j - +2 pair of gloves {Str+3}
MR       +....                  z - +0 pair of boots
Stlth    ..........             Z - amulet of rage
HPRegen  0.54/turn              K - +6 ring of strength
MPRegen  0.25/turn              P - ring of the Pure Songs {rN+ MP+9 Str+4 Slay+1}

@: lethally poisoned (-5 -> -24), regenerating quickly, very slow
A: fangs 3, see invisible, unbreathing
}: 1/15 runes: decaying
a: Stomp, Line Pass, Renounce Religion, Evoke Berserk Rage


You were on level 3 of the Spider Nest.
You worshipped Uskayaw.
Uskayaw was pleased with you.
You were full.

You visited 7 branches of the dungeon, and saw 32 of its levels.
You also visited: Labyrinth, Bailey and Ice Cave.

You collected 3077 gold pieces.
You spent 508 gold pieces at shops.

Inventory:

Hand Weapons
 a - a +4 scimitar of flaming (weapon)
 b - a +0 blowgun
 D - a +0 dagger of flaming
Missiles
 d - 10 throwing nets {!f}
 m - 6 silver javelins
 r - 6 javelins of penetration
 H - 15 javelins of returning (quivered)
 V - 3 curare-tipped needles
 W - 5 needles of paralysis
Armour
 c - the +2 hat "Atrudequ" (worn) {Str+5}
   (You found it on level 6 of the Lair of Beasts)

   It affects your strength (+5).
 i - a +0 cloak (worn)
 j - a +2 pair of gloves of strength (worn)
 x - the +5 chain mail of Ennui (worn) {rF++}
   (You found it on level 3 of the Lair of Beasts)

   It greatly protects you from fire.
 z - a +0 pair of boots (worn)
 X - a +0 shield of reflection (worn)
Jewellery
 K - a +6 ring of strength (left hand)
 P - the ring of the Pure Songs (right hand) {rN+ MP+9 Str+4 Slay+1}
   (You found it in a labyrinth)

   [ring of slaying]

   It affects your strength (+4).
   It affects your accuracy and damage with ranged weapons and melee attacks
   (+1).
   It protects you from negative energy.
   It affects your magic capacity (+9).
 Z - an amulet of rage (around neck)
Wands
 o - a wand of scattershot (3)
 v - a wand of iceblast (18)
 y - a wand of random effects (26)
 G - a wand of polymorph (45)
 L - a wand of disintegration (13)
 N - a wand of enslavement (33)
 S - a wand of acid (43)
 Y - a wand of paralysis (4)
Scrolls
 e - a scroll of brand weapon
 k - 9 scrolls of remove curse
 n - a scroll of immolation
 t - 7 scrolls of teleportation
 C - 9 scrolls of fear
 E - 2 scrolls of blinking
 F - a scroll of magic mapping
 I - a scroll of silence
 J - 5 scrolls of fog
 T - 3 scrolls of identify
Potions
 f - 13 potions of blood
 g - 4 potions of cancellation
 l - a potion of haste
 p - 12 potions of curing
 s - a potion of might
 u - 5 potions of heal wounds
 A - 3 potions of resistance
 O - 9 potions of flight
 R - a potion of ambrosia
Miscellaneous
 q - a lightning rod (4/4)
 U - a phial of floods


   Skills:
 - Level 14.0 Fighting
 - Level 14.0 Long Blades
 - Level 12.0 Throwing
 - Level 16.2 Armour
 - Level 3.2 Dodging
 * Level 9.8 Shields
 - Level 12.0 Invocations


You had 17 spell levels left.
You didn't know any spells.

Dungeon Overview and Level Annotations

Branches:
Dungeon (15/15)            Temple (1/1) D:7            Lair (6/6) D:9
  Swamp (4/4) Lair:4       Spider (3/4) Lair:4        Slime (0/5) Lair:6
    Orc (2/2) D:12            Elf (0/3) Orc:2        Vaults (1/5) D:14
 Depths (0/5) D:15

Altars:
Ashenzari
Cheibriados
Dithmenos
Elyvilon
Fedhas
Gozag
Hepliaklqana
Kikubaaqudgha
Makhleb
Nemelex Xobeh
Okawaru
Qazlal
Ru
Sif Muna
Trog
Uskayaw
Vehumet
Wu Jian
Xom
Yredelemnul
Zin
The Shining One
Beogh

Shops:
D:5 *   D:6 ?}*=   Orc:2 :}([   Vaults:1 %

Portals:
Trove: D:10 (give 16 potions of curing)

Annotations:
Spider:3 Bai Suzhen


Innate Abilities, Weirdness & Mutations

Your natural rate of healing is unusually fast.
You have razor-sharp teeth.
You have supernaturally acute eyesight. (SInv)
You can survive without breathing.


Message History

Unknown command.
Your unstable footing causes you to fumble your attack.
You are standing in a thunderstorm.
Bai Suzhen bites you!! You block Bai Suzhen's attack. x2
Unknown command.
Your unstable footing causes you to fumble your attack.
You are standing in a thunderstorm.
You are struck by lightning!
* * * LOW HITPOINT WARNING * * *
The wolf spider hits you but does no damage.
The wolf spider bites you.
* * * LOW HITPOINT WARNING * * *
You are poisoned.
The wolf spider poisons you! You block the wolf spider's attack.
The wolf spider bites you but does no damage.
Bai Suzhen breathes water at you. The torrent of water hits you!
* * * LOW HITPOINT WARNING * * *
You are knocked back by the torrent of water.
You collide with the wolf spider!
You die...

...#.................(.....
..?..............(.........
≈#..../..^.............%...
##.......^....s...........
##......#^.......s.>.....
#...........^...)........
##......§.s..............
##..^..§§§§§≈s#.........
#≈≈#...§.≈§D@s..........
#≈≈≈..§§.§≈≈≈.^........
####..§.........[......
#..................#
##≈≈............^...
#≈≈...<........#...
#≈≈≈..........≈#...
###≈#≈...#^..≈≈≈.
###≈≈###^.#≈≈≈≈


You could see Bai Suzhen, 3 wolf spiders, an orb spider and a jumping spider.

Vanquished Creatures
  Rupert (Lair:3)
  Gastronok (Lair:2)
  Frances (D:13)
  Kirke (Swamp:3)
  Agnes (Spider:2)
  Roxanne (Spider:2)
  Donald (Swamp:3)
  2 ghost moths (Spider:2)
  An orc warlord (Orc:2)
  A frost giant (IceCv)
  2 emperor scorpions
  A very ugly thing (Swamp:3)
  4 ironheart preservers (Vaults:1)
  The ghost of keat06 the Severer, a journeyman FoFi of Hepliaklqana (Lair:3)
  Azrael (D:14)
  A minotaur (Lab)
  The ghost of Xenomina the Fighter, a journeyman DgFi (Lair:1)
  A fire dragon (Vaults:1)
  6 ogre magi
  14 hydras
  2 ice dragons (D:15)
  7 centaur warriors
  A death knight (D:15)
  Harold (Lair:3)
  2 alligators
  6 catoblepae (Lair:6)
  15 two-headed ogres
  The ghost of Balthal the Slicer, a novice MiFi of Fedhas (D:12)
  Urug (D:14)
  13 death yaks
  Nergalle (D:12)
  An orc high priest (Orc:2)
  A spriggan berserker (Swamp:4)
  Sonja (Lair:3)
  A fire crab (Spider:1)
  A deep elf knight (Vaults:1)
  2 spriggan druids (Swamp:3)
  3 unseen horrors
  The ghost of Oravi the Transmogrifier, a novice MfTm (D:6)
  13 swamp dragons
  7 shambling mangroves
  2 wizards
  A lindwurm (Lair:6)
  6 orb spiders
  4 orc knights
  A wolf spider zombie (D:14)
  A necromancer (Swamp:3)
  9 ugly things
  2 deep elf magi
  A moth of wrath (Spider:1)
  5 manticores
  2 oklob plants (D:14)
  15 wolf spiders
  6 cyclopes
  3 elephants (Lair:6)
  A vault sentinel (Vaults:1)
  An ice statue (IceCv)
  6 black mambas
  20 spiny frogs
  A gargoyle (D:13)
  6 rime drakes
  5 centaur skeletons
  3 komodo dragons
  A kobold demonologist (D:14)
  5 yaktaurs
  2 freezing wraiths
  8 demonic crawlers
  A troll (shapeshifter) (Vaults:1)
  13 polar bears (IceCv)
  17 jumping spiders
  8 trolls
  7 tyrant leeches
  A polar bear (shapeshifter) (D:13)
  22 hornets
  12 blink frogs
  A meliai zombie (D:14)
  5 bog bodies
  17 slime creatures
  8 hippogriffs
  Sigmund (D:3)
  11 spriggans
  2 shadows
  36 redbacks
  3 wraiths
  16 tarantellas
  4 wyverns
  6 hogs (Swamp:3)
  77 yaks
  3 basilisks
  A hungry ghost (D:13)
  4 fire elementals (D:14)
  A steam dragon (D:13)
  14 vampire mosquitoes
  Menkaure (D:5)
  5 wargs
  15 swamp worms
  An acid dragon (shapeshifter) (D:14)
  13 water moccasins
  2 acid dragons
  2 hell hounds (D:14)
  12 porcupines
  7 sky beasts
  A phantom (D:14)
  10 swamp drakes
  A black bear (Lair:2)
  3 ice beasts
  56 orc warriors
  An alligator simulacrum (Swamp:3)
  21 ogres
  31 centaurs
  A boggart (Vaults:1)
  19 wolves
  15 crocodiles
  Blork the orc (D:5)
  6 big kobolds
  17 bullfrogs
  2 gnoll sergeants
  A wyvern zombie (D:15)
  A wyvern skeleton (D:6)
  4 scorpions
  19 killer bees
  A swamp dragon simulacrum (Swamp:3)
  3 wights (D:8)
  3 howler monkeys
  An electric eel (Lair:2)
  6 crimson imps
  A wyvern simulacrum (D:14)
  3 bullfrog zombies
  3 centaur zombies
  4 hounds
  9 jellies
  31 orc wizards
  28 orc priests
  2 bullfrog skeletons
  A gnoll shaman (D:6)
  6 iguanas
  A killer bee zombie (D:9)
  Terence (D:3)
  8 worker ants
  A hound zombie (D:9)
  A worker ant zombie (D:7)
  13 gnolls
  12 adders
  A howler monkey skeleton (D:7)
  A swamp drake skeleton (Swamp:3)
  9 shadow imps
  12 white imps (Orc:2)
  2 oozes
  An adder skeleton (D:9)
  2 worms
  2 dart slugs
  4 leopard geckos
  114 orcs
  6 giant cockroaches
  10 goblins
  14 hobgoblins
  14 jackals
  25 kobolds
  5 quokkas
  6 bats
  10 frilled lizards
  A jackal skeleton (D:7)
  2 jackal zombies
  A quokka skeleton (D:5)
  10 rats
  3 fungi
  3 plants
1197 creatures vanquished.

Vanquished Creatures (others)
  A catoblepas (Lair:6)
  A vault sentinel (Vaults:1)
  A redback (Spider:3)
  2 centaurs
  An orc wizard (Orc:2)
  5 orcs
  A butterfly (Lair:6)
  15 fungi
  16 plants
43 creatures vanquished.

Grand Total: 1240 creatures vanquished

Notes
Turn   | Place    | Note
-------+----------+-------------------------------------------
     0 | D:1      | RaHiT the Vampire Gladiator began the quest for the Orb.
     0 | D:1      | Reached XP level 1. HP: 16/16 MP: 1/1
   195 | D:1      | Reached XP level 2. HP: 21/22 MP: 2/2
   628 | D:1      | Reached XP level 3. HP: 26/27 MP: 3/3
   718 | D:2      | Reached skill level 1 in Armour
  1285 | D:2      | Reached XP level 4. HP: 34/34 MP: 4/4
  1561 | D:3      | Found a shadowy altar of Dithmenos.
  1586 | D:3      | Noticed Terence
  1608 | D:3      | Killed Terence
  1930 | D:3      | Reached XP level 5. HP: 40/40 MP: 5/5
  1967 | D:3      | Noticed Sigmund
  1982 | D:3      | Killed Sigmund
  1982 | D:3      | Reached skill level 2 in Armour
  1982 | D:3      | Reached XP level 6. HP: 30/47 MP: 6/6
  2884 | D:4      | Found a burning altar of Makhleb.
  2884 | D:4      | Found a sparkling altar of Nemelex Xobeh.
  2890 | D:4      | Found a basalt altar of Yredelemnul.
  2890 | D:4      | Found a glowing silver altar of Zin.
  2891 | D:4      | Found a deep blue altar of Sif Muna.
  2894 | D:4      | Found a blossoming altar of Fedhas.
  2895 | D:4      | Found a hide-covered altar of Uskayaw.
  2898 | D:4      | Became a worshipper of Uskayaw the Reveler
  3068 | D:5      | Entered Level 5 of the Dungeon
  3125 | D:5      | Reached * piety under Uskayaw
  3129 | D:5      | Reached ** piety under Uskayaw
  3131 | D:5      | Reached *** piety under Uskayaw
  3314 | D:5      | Found Ugieg's General Store.
  3322 | D:5      | Bought a scroll of noise for 14 gold pieces
  3330 | D:5      | Reached skill level 3 in Armour
  3330 | D:5      | Reached XP level 7. HP: 51/53 MP: 7/7
  3397 | D:5      | Noticed Menkaure
  3407 | D:5      | Killed Menkaure
  3407 | D:5      | Reached skill level 5 in Long Blades
  3407 | D:5      | Reached skill level 1 in Invocations
  3469 | D:5      | Noticed Blork the orc
  3488 | D:5      | Killed Blork the orc
  3844 | D:6      | Found Zosev's Gadget Boutique.
  3947 | D:6      | Reached XP level 8. HP: 56/60 MP: 10/10
  3947 | D:6      | Reached **** piety under Uskayaw
  4090 | D:6      | Found Ruveanta's Magic Scroll Boutique.
  4138 | D:6      | Reached skill level 4 in Armour
  4163 | D:6      | Bought a scroll of identify for 22 gold pieces
  4163 | D:6      | Bought a scroll of identify for 22 gold pieces
  4163 | D:6      | Bought a scroll of identify for 22 gold pieces
  4163 | D:6      | Bought a scroll of identify for 22 gold pieces
  4503 | D:6      | Found Ihivus's Assorted Antiques.
  4503 | D:6      | Found Ruofigyq's Jewellery Shop.
  4506 | D:6      | Bought a scroll labeled CECONOIPSASOA for 27 gold pieces
  4619 | D:7      | Found a staircase to the Ecumenical Temple.
  4630 | D:7      | Reached skill level 5 in Invocations
  4706 | Temple   | Entered the Ecumenical Temple
  5139 | D:7      | Reached XP level 9. HP: 56/65 MP: 13/13
  5570 | D:8      | Reached skill level 5 in Armour
  5635 | D:8      | Found a shattered altar of Ashenzari.
  5927 | D:8      | Found a glowing golden altar of the Shining One.
  6128 | D:9      | Found a staircase to the Lair.
  6844 | D:9      | Noticed a two-headed ogre
  6899 | D:9      | Killed a two-headed ogre
  6899 | D:9      | Reached skill level 5 in Fighting
  6899 | D:9      | Reached skill level 5 in Throwing
  6899 | D:9      | Reached XP level 10. HP: 62/74 MP: 14/14
  7080 | D:9      | Reached skill level 6 in Armour
  7261 | D:10     | Entered Level 10 of the Dungeon
  7389 | D:10     | Reached ***** piety under Uskayaw
  7411 | D:10     | Reached ****** piety under Uskayaw
  7486 | D:10     | Found a portal to a secret trove of treasure.
  8573 | D:11     | Noticed a cyclops
  8599 | D:11     | Killed a cyclops
  8730 | D:11     | Noticed a manticore
  8739 | D:11     | Killed a manticore
  8739 | D:11     | Reached XP level 11. HP: 58/84 MP: 15/15
  8878 | D:11     | Noticed a two-headed ogre
  8938 | D:11     | Killed a two-headed ogre
  9143 | D:11     | Noticed an unseen horror
  9157 | D:11     | Killed an unseen horror
  9677 | D:11     | Identified the cursed +1 arbalest of Wukkuh {freeze, +Blink +Inv rElec Str-4} (You found it on level 11 of the Dungeon)
  9707 | D:11     | Reached skill level 10 in Long Blades
 10067 | D:12     | Found a staircase to the Orcish Mines.
 10240 | D:12     | Noticed Balthal's ghost (novice MiFi)
 10635 | D:12     | Noticed an unseen horror
 10659 | D:12     | Killed an unseen horror
 11046 | D:12     | Noticed Nergalle
 11482 | D:12     | Killed Balthal's ghost
 11766 | D:12     | Noticed an ogre mage
 11766 | D:12     | Noticed a two-headed ogre
 11766 | D:12     | Noticed a two-headed ogre
 11766 | D:12     | Noticed a two-headed ogre
 11829 | D:12     | Killed Nergalle
 12117 | D:12     | Reached XP level 12. HP: 61/91 MP: 17/17
 12375 | D:12     | Killed a two-headed ogre
 12445 | D:12     | Killed a two-headed ogre
 12473 | D:12     | Noticed a two-headed ogre
 12638 | Lair:1   | Entered Level 1 of the Lair of Beasts
 12970 | Lair:1   | Noticed Xenomina's ghost (journeyman DgFi)
 13004 | Lair:1   | Killed Xenomina's ghost
 14005 | Lair:1   | You fall through a shaft!
 14230 | Lair:2   | Noticed Gastronok
 14286 | Lair:2   | Killed Gastronok
 14286 | Lair:2   | Reached skill level 7 in Armour
 14888 | Lair:2   | Noticed a death yak
 14888 | Lair:2   | Noticed a death yak
 14889 | Lair:2   | Noticed a death yak
 14890 | Lair:2   | Noticed a death yak
 14933 | Lair:2   | Killed a death yak
 14993 | Lair:2   | Killed a death yak
 14993 | Lair:2   | Reached skill level 8 in Armour
 15042 | Lair:2   | Killed a death yak
 15098 | Lair:2   | Reached XP level 13. HP: 53/96 MP: 19/19
 15589 | Lair:3   | Noticed Sonja
 15602 | Lair:3   | Killed Sonja
 15642 | Lair:3   | Found a labyrinth entrance.
 15646 | Lab      | Entered a labyrinth
 15893 | Lab      | Noticed a minotaur
 15932 | Lab      | Killed a minotaur
 15962 | Lab      | Got a warped golden ring
 15964 | Lab      | Identified the ring of the Pure Songs {rN+ MP+9 Str+4 Slay+1} (You found it in a labyrinth)
 16147 | Lair:3   | Got a transparent chain mail
 16158 | Lair:3   | Identified the +5 chain mail of Ennui {rF++} (You found it on level 3 of the Lair of Beasts)
 16405 | Lair:3   | Noticed Rupert
 16748 | Lair:3   | Paralysed by Rupert for 4 turns
 16767 | Lair:3   | Paralysed by Rupert for 3 turns
 16990 | Lair:3   | Killed Rupert
 16990 | Lair:3   | Reached skill level 9 in Armour
 16995 | Lair:3   | Noticed keat06's ghost (journeyman FoFi)
 17344 | Lair:3   | Killed keat06's ghost
 17383 | Lair:3   | Noticed Harold
 17401 | Lair:3   | Killed Harold
 18420 | D:6      | Noticed Oravi's ghost (novice MfTm)
 18442 | D:6      | Killed Oravi's ghost
 18647 | D:12     | Reached skill level 10 in Armour
 18647 | D:12     | Reached skill level 1 in Shields
 19237 | D:13     | Noticed Frances
 19270 | D:13     | Killed Frances
 19566 | D:13     | Reached XP level 14. HP: 94/103 MP: 20/20
 19897 | D:13     | Identified the +11 arbalest "Pathralle" {elec, rPois Str-5 SInv Stlth+} (You found it on level 13 of the Dungeon)
 20575 | Lair:4   | Reached skill level 11 in Armour
 21031 | Lair:4   | Found a hole to the Spider Nest.
 21056 | Lair:4   | Found a staircase to the Swamp.
 22564 | Lair:6   | Entered Level 6 of the Lair of Beasts
 22837 | Lair:6   | Identified a scroll of acquirement
 22909 | Lair:6   | Reached skill level 12 in Armour
 23051 | Lair:6   | Found a staircase to the Slime Pits.
 23304 | Lair:6   | Reached skill level 10 in Invocations
 24079 | Lair:6   | Reached XP level 15. HP: 108/108 MP: 23/23
 24112 | Lair:6   | Identified the +2 hat "Atrudequ" {Str+5} (You found it on level 6 of the Lair of Beasts)
 24651 | Orc:1    | Entered Level 1 of the Orcish Mines
 24691 | Orc:2    | Entered Level 2 of the Orcish Mines
 24700 | Orc:2    | Found a frozen archway.
 24733 | IceCv    | Entered an ice cave
 25194 | IceCv    | Noticed a frost giant
 25210 | IceCv    | Killed a frost giant
 25372 | Orc:1    | Found a flagged portal.
 25392 | Bailey   | Entered a bailey
 26842 | Orc:1    | Found a bloodstained altar of Trog.
 27006 | Orc:2    | Found a staircase to the Elven Halls.
 27424 | Orc:2    | Found a roughly hewn altar of Beogh.
 27428 | Orc:2    | Found Suynk's Book Emporium.
 27480 | Orc:2    | Found a roughly hewn altar of Beogh.
 27558 | Orc:2    | Found a roughly hewn altar of Beogh.
 27590 | Orc:2    | Found Toasul's Gadget Shop.
 27671 | Orc:2    | Reached skill level 10 in Fighting
 27680 | Orc:2    | Noticed an orc warlord
 28027 | Orc:2    | Killed an orc warlord
 28244 | Orc:2    | Found Ulyviut's Antique Armour Emporium.
 28246 | Orc:2    | Found a roughly hewn altar of Beogh.
 28251 | Orc:2    | Found Kozoergh's Antique Weapon Shoppe.
 28262 | Orc:2    | Bought a heavy robe for 142 gold pieces
 28262 | Orc:2    | Bought a jewelled shield for 237 gold pieces
 28262 | Orc:2    | Identified the +2 shield of Light {rF- Dex+3 Stlth+} (You bought it in a shop on level 2 of the Orcish Mines)
 28263 | Orc:2    | Identified the +2 robe of Midnight {rF+ rN+} (You bought it in a shop on level 2 of the Orcish Mines)
 28496 | D:14     | Noticed Urug
 28518 | D:14     | Killed Urug
 28835 | D:14     | Noticed Azrael
 28855 | D:14     | Killed Azrael
 29099 | D:14     | Reached skill level 10 in Throwing
 29244 | D:14     | Found a gate to the Vaults.
 29370 | D:14     | Found a blossoming altar of Fedhas.
 29564 | D:15     | Entered Level 15 of the Dungeon
 29627 | D:15     | Reached XP level 16. HP: 93/127 MP: 25/25
 30109 | D:15     | Found a staircase to the Depths.
 30880 | Swamp:1  | Entered Level 1 of the Swamp
 33293 | Swamp:3  | Reached skill level 13 in Armour
 33566 | Swamp:3  | Noticed Donald
 33578 | Swamp:3  | Killed Donald
 33583 | Swamp:3  | Noticed Kirke
 33593 | Swamp:3  | Killed Kirke
 33910 | Swamp:3  | Identified the +4 trident "Locuhuen" {speed, rElec rC- Dex+9} (You found it on level 3 of the Swamp)
 33929 | Swamp:3  | Reached skill level 14 in Armour
 35188 | Swamp:4  | Entered Level 4 of the Swamp
 35467 | Swamp:4  | Reached skill level 15 in Armour
 35646 | Swamp:4  | Reached XP level 17. HP: 105/136 MP: 26/26
 35798 | Swamp:4  | Got a decaying rune of Zot
 36323 | Lair:1   | Identified the +9 hand axe of Ropeash {flame, *Noise +Blink rPois} (You found it on level 1 of the Lair of Beasts)
 36355 | Lair:1   | Identified the cursed +1 flail "Zeblad" {freeze, rF+ Int+3} (You found it on level 1 of the Lair of Beasts)
 36481 | Spider:1 | Entered Level 1 of the Spider Nest
 37277 | Spider:1 | Paralysed by a hornet for 3 turns
 37588 | Spider:2 | Reached skill level 16 in Armour
 37898 | Spider:2 | Noticed Roxanne
 37910 | Spider:2 | Killed Roxanne
 37911 | Spider:2 | Identified Roxanne's Grimoire of Transmutation (You took it off Roxanne on level 2 of the Spider Nest)
 38116 | Spider:2 | Noticed Agnes
 38125 | Spider:2 | Killed Agnes
 38125 | Spider:2 | Reached skill level 5 in Shields
 39133 | Spider:3 | Noticed Bai Suzhen
 39574 | Vaults:1 | Entered Level 1 of the Vaults
 39616 | Vaults:1 | Found Ruid's Food Shop.
 40009 | Vaults:1 | Reached XP level 18. HP: 122/146 MP: 27/27
 40424 | Spider:3 | Collided with a wolf spider

Skill      XL: |  1  2  3  4  5  6  7  8  9 10 11 12 13 14 15 16 17 |
---------------+----------------------------------------------------+-----
Fighting       | 2 3 4 5 7 12 13 14 | 14.0
Throwing       | 2 3 5 6 9 10 12 | 12.0
Armour         | 1 2 3 4 5 6 8 10 12 15 16 | 16.2
Long Blades    | 4 5 6 7 9 10 12 13 14 | 14.0
Invocations    | 3 5 6 7 9 11 12 | 12.0
Shields        | 3 4 9 |  9.8
Dodging        | |  3.2

Action                   |  1- 3 |  4- 6 |  7- 9 | 10-12 | 13-15 | 16-18 || total
-------------------------+-------+-------+-------+-------+-------+-------++-------
Melee: Dagger            |    17 |       |       |       |    41 |    97 ||   155
       Bite              |    13 |    10 |    61 |   143 |   271 |   155 ||   653
       Long sword        |    75 |    75 |   343 |   803 |   418 |       ||  1714
       Unarmed           |       |       |       |     1 |       |       ||     1
       Scimitar          |       |       |       |       |   958 |   681 ||  1639
 Fire: Blowgun           |       |       |    13 |    90 |   143 |       ||   246
Throw: Stone             |     8 |    10 |    24 |   146 |   263 |       ||   451
       Tomahawk          |    12 |    46 |    33 |    79 |   172 |   421 ||   763
       Throwing net      |       |     1 |       |     4 |     1 |       ||     6
       Javelin           |       |       |    23 |    25 |    45 |   103 ||   196
Invok: Line Pass         |       |       |     2 |    14 |    10 |     8 ||    34
       Stomp             |       |       |       |     2 |       |       ||     2
       Grand Finale      |       |       |       |       |     2 |     4 ||     6
 Abil: End Transformatio |       |       |     3 |     9 |     6 |     1 ||    19
       Bat Form          |       |       |     3 |     9 |     6 |     1 ||    19
       Evoke Flight      |       |       |       |       |     5 |       ||     5
       Evoke Berserk Rag |       |       |       |       |     1 |     1 ||     2
Evoke: Wand              |       |       |       |    18 |    37 |    70 ||   125
       Lightning rod     |       |       |       |       |     2 |       ||     2
  Use: Scroll            |     2 |     2 |     9 |     5 |    23 |     8 ||    49
       Potion            |       |     4 |     9 |    24 |    44 |    32 ||   113
 Stab: Sleeping          |     2 |     5 |     3 |     1 |       |       ||    11
       Confused          |       |       |     1 |     4 |     4 |     3 ||    12
       Paralysed         |       |       |    16 |    42 |   117 |    56 ||   231
       Distracted        |       |       |     1 |     2 |       |       ||     3
       Petrified         |       |       |       |       |     2 |       ||     2
  Eat: Corpse            |       |       |       |     2 |       |       ||     2
Armor: Leather armour    |    32 |    12 |    22 |       |       |       ||    66
       Ring mail         |       |       |    47 |   120 |       |       ||   167
       Plate armour      |       |       |       |    28 |    78 |       ||   106
       Chain mail        |       |       |       |       |   423 |   403 ||   826
Dodge: Dodged            |    74 |    57 |   385 |   648 |   742 |   273 ||  2179
Block: Buckler           |       |       |       |       |   233 |    96 ||   329
       Shield            |       |       |       |       |       |   121 ||   121
       Reflection        |       |       |       |       |       |     8 ||     8
       Rpst.: Long sword |    19 |    20 |   124 |   179 |    74 |       ||   416
       Scimitar          |       |       |       |       |   119 |    55 ||   174
